 Dungeon Crawl Stone Soup version 0.28.0-47-ge53b351184 (webtiles) character file.

Game seed: 8759545000037982611

197 seaoflcl the Covered (level 6, 0/48 HPs)
             Began as a Human Fighter on May 2, 2022.
             Slain by a gnoll
             ... wielding a +0 whip
              (1 damage)
             ... on level 3 of the Dungeon.
             The game lasted 00:02:39 (2777 turns).

seaoflcl the Covered (Human Fighter)                Turns: 2777, Time: 00:02:40

Health: 0/48       AC:  9    Str: 18    XL:     6   Next: 5%
Magic:  6/6        EV:  7    Int:  8    God:
Gold:   76         SH:  5    Dex: 13    Spells: 5/5 levels left

rFire   . . .      SeeInvis .   a - +0 long sword
rCold   . . .      Faith    .   c - +0 buckler
rNeg    . . .      Spirit   .   g - +0 chain mail
rPois   .          Reflect  .   (no helmet)
rElec   .          Harm     .   (no cloak)
rCorr   .          Rampage  .   (no gloves)
Will    .....                   (no boots)
Stlth   ..........              (no amulet)
HPRegen 0.16/turn               (no ring)
MPRegen 0.10/turn               (no ring)

@: mighty
A: no striking features
a: no special abilities


You were on level 3 of the Dungeon.
You visited 1 branch of the dungeon, and saw 3 of its levels.

You collected 76 gold pieces.

Inventory:

Hand Weapons
 a - a +0 long sword (weapon)
 j - a +2 dagger of electrocution
Armour
 c - a +0 buckler (worn)
 g - a +0 chain mail (worn)
Scrolls
 b - a scroll of magic mapping {unknown}
 e - 2 scrolls of identify {unknown}
 h - 2 scrolls of immolation {unknown}
Potions
 f - a potion of curing {unknown}
 i - 2 potions of berserk rage {unknown}


   Skills:
 + Level 3.8 Fighting
 * Level 3.6 Long Blades
 + Level 3.8 Armour
 + Level 1.3 Dodging
 + Level 3.7 Shields


You had 5 spell levels left.
You didn't know any spells.
Your spell library contained the following spells:

 Spells                   Type           Power      Damage    Failure   Level
 Cause Fear               Hex            0%         N/A       100%        4
 Dragon Form              Tmut           0%         N/A       100%        7
 Dragon's Call            Summ           0%         N/A       100%        9


Dungeon Overview and Level Annotations

Branches:
Dungeon (3/15)

Altars:


Message History

You struggle against the net.
The gnoll hits you but does no damage. The gnoll hits you with a +0 whip.
You rip the net and break free!
You block the gnoll's attack.
The gnoll hits you from afar with a +0 spear.
The gnoll hits you with a +0 whip.
You closely miss the gnoll.
The gnoll hits you from afar with a +0 spear.
The gnoll completely misses you. The gnoll hits you with a +0 club.
You hit the gnoll.
The gnoll is heavily wounded.
The gnoll closely misses you. The gnoll hits you with a +0 whip.
You closely miss the gnoll.
The gnoll is heavily wounded.
The gnoll hits you from afar with a +0 spear.
The gnoll hits you with a +0 whip. The gnoll hits you with a +0 club.
* * * LOW HITPOINT WARNING * * *
The gnoll hits you but does no damage. You block the gnoll's attack.
You feel very mighty all of a sudden.
A ball python comes into view.
The gnoll hits you but does no damage. x2
You closely miss the gnoll.
The gnoll is heavily wounded.
The ball python hisses angrily.
The gnoll hits you from afar with a +0 spear.
* * * LOW HITPOINT WARNING * * *
The gnoll barely misses you.
You closely miss the gnoll.
The gnoll is heavily wounded.
The gnoll hits you from afar with a +0 spear.
* * * LOW HITPOINT WARNING * * *
You block the gnoll's attack.
You barely miss the gnoll.
The gnoll is heavily wounded.
The gnoll hits you from afar with a +0 spear.
* * * LOW HITPOINT WARNING * * *
The gnoll hits you with a +0 whip.
* * * LOW HITPOINT WARNING * * *
The gnoll hits you but does no damage. The gnoll hits you with a +0 whip.
You die...

#############
#.....).....#
#.#########@#
######.# #g#
.......#
#..Sgg.....#
#...#..#
#.$........#
#..<#..#
#........$.+
#...#..#
#..........#
#...#..#
####.#######
#...#..# #..
....#..# ###


You could see 3 gnolls and a ball python.

Vanquished Creatures
  A jelly (D:2)
  Natasha (thrice) (D:2)
  4 gnolls (D:2)
  A worm (D:2)
  A dart slug (D:1)
  6 bats
  8 endoplasms (D:2)
  3 goblins (D:1)
  5 hobgoblins
  2 quokkas
  5 ball pythons
  3 frilled lizards
  8 kobolds (D:2)
  5 rats
55 creatures vanquished.

Vanquished Creatures (others)
  A fungus (D:2)
  12 toadstools (D:2)
13 creatures vanquished.

Grand Total: 68 creatures vanquished

Notes
Turn   | Place    | Note
-------+----------+-------------------------------------------
     0 | D:1      | seaoflcl the Human Fighter began the quest for the Orb.
     0 | D:1      | Reached XP level 1. HP: 18/18 MP: 1/1
    95 | D:1      | Found a faded altar of an unknown god.
   276 | D:1      | Reached XP level 2. HP: 23/24 MP: 2/2
   700 | D:1      | Reached XP level 3. HP: 29/29 MP: 3/3
  1649 | D:2      | Noticed Natasha
  1661 | D:2      | Killed Natasha
  1662 | D:2      | Reached XP level 4. HP: 35/35 MP: 4/4
  1901 | D:2      | Reached XP level 5. HP: 30/41 MP: 5/5
  2274 | D:2      | Reached skill level 1 in Dodging
  2570 | D:2      | Noticed Natasha
  2576 | D:2      | Killed Natasha
  2718 | D:2      | Noticed Natasha
  2722 | D:2      | Killed Natasha
  2723 | D:2      | Reached XP level 6. HP: 47/48 MP: 6/6
  2777 | D:3      | HP: 1/48 [gnoll/+0 whip (2)]
  2777 | D:3      | Slain by a gnoll

Illustrated notes

Levels and vault maps discovered:
D:1:      dpeg_arrival_concentric_ovals, layout_rooms,
          hellmonk_ecumenical_altar_lost_god, minmay_splitting_lines
D:2:      cheibrodos_fertilizer, layout_loops_ring, uniq_natasha
D:3:      layout_basic, uniq_ijyb

Skill      XL: |  1  2  3  4  5 |
---------------+----------------+-----
Long Blades    | 3 |  3.6
Dodging        | 1 |  1.3
Fighting       | |  3.8
Armour         | |  3.8
Shields        | |  3.7

Action                   |  1- 3 |  4- 6 || total
-------------------------+-------+-------++-------
Melee: Long sword        |   106 |    59 ||   165
  Use: Potion            |       |     1 ||     1
Armor: Scale mail        |    16 |       ||    16
       Chain mail        |    80 |    24 ||   104
Dodge: Dodged            |    50 |    20 ||    70
Block: Buckler           |    27 |    13 ||    40
